 Dungeon Crawl Stone Soup version 0.29.1-15-g9cfb28693d (webtiles) character file.

Game seed: 909178456223751012

24017 leetdood the Severer (level 12, -2/110 HPs)
             Began as a Minotaur Fighter on Mar 11, 2023.
             Was a High Priest of Okawaru.
             Slain by leetdood's ghost (10 damage)
             ... on level 1 of the Lair of Beasts.
             The game lasted 00:42:49 (11294 turns).

leetdood the Severer (Minotaur Fighter)            Turns: 11294, Time: 00:42:49

Health: -2/110     AC: 22    Str: 26    XL:     12   Next: 76%
Magic:  10/16      EV: 13    Int:  5    God:    Okawaru [*****.]
Gold:   668        SH:  8    Dex: 10    Spells: 11/11 levels left

rFire   . . .      SeeInvis +   B - +1 broad axe
rCold   . . .      Faith    .   c - +0 buckler
rNeg    . . .      Spirit   .   R - +0 plate armour
rPois   .          Reflect  .   (helmet restricted)
rElec   .          Harm     .   u - +1 cloak
rCorr   .          Rampage  .   U - +0 pair of gloves
Will    .....                   (no boots)
Stlth   ..........              t - amulet of regeneration
HPRegen 1.08/turn               l - +4 ring of evasion
MPRegen 0.15/turn               n - ring of see invisible

@: heroic, finesse-ful
A: horns 2, retaliatory headbutt
a: Renounce Religion, Heroism, Finesse, Duel


You were on level 1 of the Lair of Beasts.
You worshipped Okawaru.
Okawaru was extremely pleased with you.
You visited 2 branches of the dungeon, and saw 12 of its levels.
You also visited: Sewer.

You collected 785 gold pieces.
You spent 117 gold pieces at shops.

Inventory:

Hand Weapons
 B - a +1 broad axe (weapon)
 E - a +2 halberd of flaming
 J - the +1 hand axe "Tenwerai" {drain, Str+7}
   (You found it on level 5 of the Dungeon)

   A truly terrible weapon, it drains the life of any living foe it strikes.
   Str:       It affects your strength (+7).
 T - a +3 war axe
Missiles
 e - 4 throwing nets
 o - 58 poisoned darts (quivered)
 A - 3 boomerangs of dispersal
 D - 4 curare-tipped darts
 O - 5 atropa-tipped darts
Armour
 c - a +0 buckler (worn)
 u - a +1 cloak (worn)
 R - a +0 plate armour (worn)
 U - a +0 pair of gloves (worn)
Jewellery
 b - an amulet of the acrobat
 l - a +4 ring of evasion (left hand)
 n - a ring of see invisible (right hand)
 t - an amulet of regeneration (around neck)
 w - a ring of protection from cold
 P - a ring of protection from cold
 S - an amulet of reflection
Wands
 f - a wand of mindburst (12)
 x - a wand of iceblast (9)
 C - a wand of light (15)
 M - a wand of flame (4)
 N - a wand of polymorph (2)
Scrolls
 k - 3 scrolls of noise {unknown}
 m - 3 scrolls of enchant weapon
 p - 3 scrolls of blinking
 q - 4 scrolls of teleportation {unknown}
 s - a scroll of magic mapping {unknown}
 v - 2 scrolls of fog
 y - 5 scrolls of immolation {unknown}
 F - a scroll of summoning {unknown}
 H - a scroll of fear {unknown}
 I - a scroll of enchant armour
 K - a scroll of poison {unknown}
 W - a scroll of amnesia
Potions
 a - a potion of resistance {unknown}
 d - 2 potions of invisibility {unknown}
 g - 2 potions of lignification
 h - a potion of ambrosia {unknown}
 i - a potion of heal wounds
 j - 5 potions of curing
 r - a potion of berserk rage {unknown}
 z - 2 potions of cancellation {unknown}
 G - 3 potions of haste
 L - a potion of brilliance {unknown}
 Q - a potion of might
 V - a potion of flight {unknown}


   Skills:
 + Level 11.5(16.5) Fighting
 * Level 15.4(20.4) Axes
 + Level 11.6(16.6) Armour
 + Level 11.6(16.6) Shields
 + Level 7.6 Invocations


You had 11 spell levels left.
You didn't know any spells.
Your spell library contained the following spells:

 Spells                   Type           Power      Damage    Failure   Level
 Apportation              Tloc           0%         N/A       98%         1
 Freeze                   Ice            0%         1d3       98%         1
 Magic Dart               Conj           0%         1d3       98%         1
 Necrotise                Necr           0%         1d4       98%         1
 Searing Ray              Conj           0%         2d4       99%         2
 Static Discharge         Conj/Air       0%         3-3/arc   99%         2
 Sublimation of Blood     Necr           0%         N/A       99%         2
 Wereblood                Tmut           0%         N/A       99%         2
 Dazzling Flash           Conj/Hex       0%         N/A       100%        3
 Frozen Ramparts          Ice            0%         1d1       100%        3
 Ignite Poison            Fire/Tmut/Pois 0%         N/A       100%        3
 Mephitic Cloud           Conj/Pois/Air  0%         N/A       100%        3
 Fulminant Prism          Conj/Hex       0%         3d6       100%        4
 Hailstorm                Conj/Ice       0%         3d3       100%        4
 Olgreb's Toxic Radiance  Pois           0%         N/A       100%        4
 Passage of Golubria      Tloc           0%         N/A       100%        4
 Agony                    Necr           0%         N/A       100%        5
 Freezing Cloud           Conj/Ice/Air   0%         6-21      100%        5
 Lee's Rapid Deconstruct  Erth           0%         3d5*      100%        5
 Lightning Bolt           Conj/Air       0%         1d11      100%        5
 Silence                  Hex/Air        0%         N/A       100%        5
 Yara's Violent Unravell  Hex/Tmut       0%         3d3       100%        5
 Maxwell's Capacitive Co  Air            0%         ∞         100%        8
 Summon Small Mammal      Summ           Unusable   N/A       N/A         1
 Tukima's Dance           Hex            Unusable   N/A       N/A         3
 Summon Hydra             Summ           Unusable   N/A       N/A         7

Dungeon Overview and Level Annotations

Branches:
Dungeon (11/15)            Temple (0/1) D:5            Lair (1/5) D:11
  Sewer (visited)
    Orc: D:9-12

Altars:
Ashenzari
Dithmenos
Elyvilon
Fedhas
Nemelex Xobeh
Okawaru
Trog
Vehumet

Shops:
D:1 (   D:2 (   D:3 !   D:9 [

Portals:
Abyss: Lair:1

Annotations:
Lair:1 1 transporter, leetdood's ghost, journeyman MiFi


Innate Abilities, Weirdness & Mutations

You have a pair of horns on your head.
You reflexively headbutt those who attack you in melee.


Message History

Something appears at your feet!
You hit leetdood's ghost but do no damage.
You headbutt leetdood's ghost, but do no damage.
Leetdood's ghost is almost destroyed.
The spriggan rider hits you from afar with a +0 trident of distortion!
* * * LOW HITPOINT WARNING * * *
Space warps around you.
* * * LOW HITPOINT WARNING * * *
You barely miss leetdood's ghost. Your headbutt misses leetdood's ghost.
Leetdood's ghost is almost destroyed.
Leetdood's ghost closely misses you.
You barely miss leetdood's ghost.
You headbutt leetdood's ghost, but do no damage.
Leetdood's ghost is almost destroyed.
You hit leetdood's ghost.
Leetdood's ghost is almost destroyed.
The spriggan rider hits you but does no damage.
Space warps around you.
* * * LOW HITPOINT WARNING * * *
You hit leetdood's ghost but do no damage.
Leetdood's ghost is almost destroyed.
You block leetdood's ghost's attack.
You closely miss leetdood's ghost.
Leetdood's ghost is almost destroyed.
You slash leetdood's ghost!
Leetdood's ghost is almost destroyed.
You block the spriggan rider's attack.
You hit leetdood's ghost but do no damage.
Leetdood's ghost is almost destroyed.
Leetdood's ghost hits you but does no damage.
You hit leetdood's ghost but do no damage.
Leetdood's ghost is almost destroyed.
You hit leetdood's ghost.
Leetdood's ghost is almost destroyed.
You closely miss leetdood's ghost.
Leetdood's ghost is almost destroyed.
The spriggan rider hits you from afar with a +0 trident of distortion!
* * * LOW HITPOINT WARNING * * *
Leetdood's ghost hits you!
You die...

.............#....#
.......#...
....###......#u..#
###.........
.....###...[##h..#.
#!##....#...
....####...##..#.##
∩..##......
...........# .# .###..
..........##.#.###:..#
..........#....i.#..
..........#####W..#
..........###.##@####
......##.......###..##
.....P##........©.....
.....##...............
..........#...........
......#...##......#...
.....##...............
......#....#.....##....
.....##.#.##..........


You could see a spriggan rider and leetdood's ghost.

Vanquished Creatures
  Harold (D:11)
  2 boulder beetles (D:11)
  An ogre mage (D:11)
  A centaur warrior (D:11)
  8 two-headed ogres
  A tengu warrior (D:11)
  A hell hog (Lair:1)
  A thrashing horror (Lair:1)
  Pikel (D:5)
  2 cyclopes (D:11)
  A cane toad (Lair:1)
  A gargoyle (D:10)
  An unseen horror (D:11)
  A kobold demonologist (D:11)
  2 komodo dragons
  2 trolls
  2 hornets
  Grinder (D:4)
  Sigmund (D:2)
  2 shadows
  A wyvern (D:10)
  15 yaks
  A wraith (D:11)
  7 vampire mosquitoes
  2 wargs (D:11)
  3 steam dragons
  Edmund (D:5)
  2 acid dragons
  6 water moccasins
  6 orc warriors
  2 black bears (D:4)
  The ghost of GigaChad the Ducker, an amateur MiGl (D:3)
  5 wolves (Lair:1)
  7 ogres
  7 centaurs
  A lemure (D:5)
  7 kobold brigands (Sewer)
  3 bullfrogs (D:8)
  A necrophage (D:5)
  A gnoll sergeant (D:10)
  2 scorpions (D:5)
  8 wights
  7 killer bees
  A howler monkey (D:8)
  Crazy Yiuf (D:2)
  2 hounds
  4 jellies
  9 orc priests
  6 iguanas
  12 orc wizards
  Terence (D:2)
  14 gnolls
  6 river rats
  9 adders
  2 white imps (D:5)
  2 ufetubi
  5 worms
  43 orcs
  2 bats
  7 endoplasms
  6 giant cockroaches
  10 goblins
  4 hobgoblins
  4 jackals (D:2)
  9 kobolds
  5 quokkas
  9 ball pythons
  5 frilled lizards
  3 rats
310 creatures vanquished.

Vanquished Creatures (others)
  6 fungi
  16 plants
22 creatures vanquished.

Grand Total: 332 creatures vanquished

Notes
Turn   | Place    | Note
-------+----------+-------------------------------------------
     0 | D:1      | leetdood the Minotaur Fighter began the quest for the Orb.
     0 | D:1      | Reached XP level 1. HP: 19/19 MP: 0/0
   266 | D:1      | Reached XP level 2. HP: 27/27 MP: 1/1
   645 | D:1      | Found Vekuokapp's Antique Weapon Shop.
   814 | D:1      | Found a faded altar of an unknown god.
   994 | D:2      | Reached skill level 3 in Axes
  1042 | D:2      | Reached XP level 3. HP: 33/33 MP: 2/2
  1110 | D:2      | Noticed Terence
  1116 | D:2      | Killed Terence
  1374 | D:2      | Reached XP level 4. HP: 40/40 MP: 3/3
  1542 | D:2      | Found Yresil's Antique Weapon Boutique.
  1750 | D:2      | Noticed Sigmund
  1762 | D:2      | Killed Sigmund
  1763 | D:2      | Reached skill level 4 in Axes
  1763 | D:2      | Reached XP level 5. HP: 39/47 MP: 4/4
  1979 | D:2      | Found a runed translucent door.
  1980 | D:2      | Noticed Crazy Yiuf
  1986 | D:2      | Killed Crazy Yiuf
  1987 | D:2      | Reached skill level 5 in Axes
  1987 | D:2      | Reached XP level 6. HP: 40/55 MP: 5/5
  2148 | D:3      | Found an iron altar of Okawaru.
  2202 | D:3      | Got the Encyclopedia of the Grounded Stinger
  2229 | D:3      | Became a worshipper of Warmaster Okawaru
  2333 | D:3      | Found Demmoc's Distillery.
  2339 | D:3      | Bought a potion of might for 52 gold pieces
  2339 | D:3      | Bought a potion of heal wounds for 65 gold pieces
  2515 | D:3      | Identified the +2 leather armour "Joceas" {Int+2}
  2619 | D:3      | Found a runed translucent door.
  2620 | D:3      | Noticed GigaChad's ghost (amateur MiGl)
  2633 | D:3      | Killed GigaChad's ghost
  2634 | D:3      | Reached skill level 5 in Fighting
  2634 | D:3      | Reached skill level 5 in Armour
  2634 | D:3      | Reached skill level 5 in Shields
  3111 | D:4      | Reached XP level 7. HP: 61/61 MP: 6/6
  3115 | D:4      | Reached skill level 6 in Axes
  3433 | D:4      | Noticed Grinder
  3439 | D:4      | Paralysed by Grinder for 2 turns
  3441 | D:4      | Killed Grinder
  3441 | D:4      | Reached * piety under Okawaru
  3531 | D:4      | Reached skill level 7 in Axes
  3845 | D:5      | Entered Level 5 of the Dungeon
  3880 | D:5      | Reached skill level 1 in Invocations
  3880 | D:5      | Reached XP level 8. HP: 68/70 MP: 7/7
  3893 | D:5      | Reached ** piety under Okawaru
  3934 | D:5      | Found a staircase to the Ecumenical Temple.
  4011 | D:5      | Found a glowing drain.
  4011 | D:5      | Noticed Pikel
  4037 | D:5      | Killed Pikel
  4038 | D:5      | Reached skill level 8 in Axes
  4062 | Sewer    | Entered a sewer
  4222 | Sewer    | Reached XP level 9. HP: 78/79 MP: 10/10
  4338 | Sewer    | Reached skill level 9 in Axes
  5076 | D:5      | Noticed Edmund
  5091 | D:5      | Killed Edmund
  5240 | D:5      | Paralysed by a hornet for 2 turns
  5301 | D:5      | Identified the +1 hand axe "Tenwerai" {drain, Str+7}
  5610 | D:6      | Reached skill level 10 in Axes
  5616 | D:6      | Reached *** piety under Okawaru
  6068 | D:6      | Found a radiant altar of Vehumet.
  6069 | D:6      | Found a blossoming altar of Fedhas.
  6071 | D:6      | Found a sparkling altar of Nemelex Xobeh.
  6583 | D:7      | Reached XP level 10. HP: 88/88 MP: 12/12
  7240 | D:8      | Reached **** piety under Okawaru
  7248 | D:8      | Reached skill level 11 in Axes
  7464 | D:8      | Found a white marble altar of Elyvilon.
  7544 | D:8      | Reached skill level 5 in Invocations
  7920 | D:8      | Found a bloodstained altar of Trog.
  7957 | D:9      | Found Roraedod's Superior Scales.
  8029 | D:9      | Noticed a two-headed ogre
  8036 | D:9      | Killed a two-headed ogre
  8037 | D:9      | Reached skill level 12 in Axes
  8292 | D:9      | Reached ***** piety under Okawaru
  8802 | D:10     | Entered Level 10 of the Dungeon
  8806 | D:10     | Reached XP level 11. HP: 93/95 MP: 13/13
  9339 | D:10     | Found a shadowy altar of Dithmenos.
  9339 | D:10     | Found a broken altar of Ashenzari.
  9722 | D:11     | Reached skill level 13 in Axes
  9730 | D:11     | Reached skill level 10 in Shields
  9754 | D:11     | Noticed a two-headed ogre
  9759 | D:11     | Noticed a two-headed ogre
  9761 | D:11     | Noticed a two-headed ogre
  9763 | D:11     | Noticed an ogre mage
  9767 | D:11     | Killed a two-headed ogre
  9768 | D:11     | Reached skill level 10 in Fighting
  9768 | D:11     | Reached skill level 10 in Armour
  9773 | D:11     | Killed a two-headed ogre
  9774 | D:11     | Noticed a two-headed ogre
  9777 | D:11     | Killed a two-headed ogre
  9784 | D:11     | Killed an ogre mage
  9789 | D:11     | Killed a two-headed ogre
  9795 | D:11     | Reached ****** piety under Okawaru
  9904 | D:11     | Noticed a two-headed ogre
  9916 | D:11     | Killed a two-headed ogre
  9948 | D:11     | Noticed a two-headed ogre
  9956 | D:11     | Killed a two-headed ogre
  9957 | D:11     | Reached skill level 14 in Axes
 10121 | D:11     | Identified the +2 animal skin of the King of the Hill
                  | {*Slow rPois rC+++ Int-5} (Okawaru gifted it to you on
                  | level 11 of the Dungeon)
 10121 | D:11     | Received a gift from Okawaru
 10305 | D:11     | Noticed Harold
 10321 | D:11     | Paralysed by Harold for 4 turns
 10326 | D:11     | Killed Harold
 10327 | D:11     | Reached XP level 12. HP: 84/108 MP: 8/15
 10520 | D:11     | Found a staircase to the Lair.
 10655 | D:11     | Noticed a two-headed ogre
 10676 | D:11     | Killed a two-headed ogre
 10709 | D:11     | Noticed a centaur warrior
 10711 | D:11     | Noticed a boulder beetle
 10711 | D:11     | Noticed a tengu warrior
 10717 | D:11     | Noticed a boulder beetle
 10726 | D:11     | Killed a tengu warrior
 10739 | D:11     | Killed a boulder beetle
 10739 | D:11     | Killed a centaur warrior
 10740 | D:11     | Reached skill level 15 in Axes
 10776 | D:11     | Killed a boulder beetle
 10887 | D:11     | Identified the +5 ring mail "Nuehex" {Harm Will+ rCorr}
 10959 | Lair:1   | Entered Level 1 of the Lair of Beasts
 10970 | Lair:1   | Noticed leetdood's ghost (journeyman MiFi)
 10987 | Lair:1   | Noticed a hell hog
 11028 | Lair:1   | Found a transporter.
 11202 | Lair:1   | Found a transporter.
 11267 | Lair:1   | Found a one-way gate to the infinite horrors of the Abyss.
 11283 | Lair:1   | Killed a hell hog
 11283 | Lair:1   | Received a gift from Okawaru
 11283 | Lair:1   | Found the +3 Mad Mage's Maulers {Infuse+∞ RegenMP Int-3}
 11294 | Lair:1   | Slain by leetdood's ghost

Illustrated notes

Levels and vault maps discovered:
D:1:      beargit_arrival_greenhouse, layout_rooms,
          shapermc_ecumenical_altar_mp_urbaneastern, serial_shops,
          nicolae_shop_trees
D:2:      layout_loops_corners, serial_shops, shop, grunt_ministairs_9,
          nrook_loot_triangle, minmay_misc_feat_x, nrook_mini_backslash,
          nicolae_concentric_dashed_squares_wild, serial_bayou_lagoon_b,
          uniq_crazy_yiuf_cottage, uniq_terence, uniq_sigmund
D:3:      minmay_general_purpose_star, layout_basic, okawaru_gym_becter,
          serial_shops, shop, ebering_ghost_reflecting_pool,
          serial_park_tiny_pond
D:4:      layout_rooms, kennysheep_big_empty_room, dreamdust_princess_bridge,
          eino_tiny_chamber, chequers_big_river, uniq_grinder
D:5:      layout_loops_ring, minmay_temple_entry_hall,
          cheibrodos_sewer_entry_sluice, uniq_edmund, uniq_pikel
D:6:      layout_basic, chequers_temple_overflow_statue_of_worship,
          serial_rivers, chequers_serial_rivers_micro_b,
          chequers_serial_rivers_micro_b, chequers_serial_rivers_micro_a,
          chequers_serial_rivers_micro_b, chequers_serial_rivers_room_b,
          minmay_misc_feat_room, grunt_ministairs_12,
          chequers_serial_rivers_marsh, st_stairs_14, nicolae_fountain_basement
D:7:      layout_loops_ring
D:8:      layout_gridville, lemuel_crystal_altar, trog_hazing_becter
D:9:      layout_gridville, small_statue_intersection, hellmonk_scale_shop
D:10:     layout_roguey, gammafunk_temple_overflow_wave
D:11:     layout_roguey, erik_lair_orcish_takeover, minmay_pinched_square,
          uniq_harold
Lair:1:   layout_regular_city, gammafunk_ghost_abyssal_escape

Skill      XL: |  1  2  3  4  5  6  7  8  9 10 11 12 |
---------------+-------------------------------------+-----
Shields        | 4 5 6 7 8 9 10 11 | 11.6
Armour         | 4 5 6 7 8 9 10 11 | 11.6
Fighting       | 4 5 6 7 8 9 10 11 | 11.5
Axes           | 3 4 5 7 8 10 12 14 15 | 15.4
Invocations    | 1 2 4 5 6 7 |  7.6

Action                   |  1- 3 |  4- 6 |  7- 9 | 10-12 || total
-------------------------+-------+-------+-------+-------++-------
Melee: War axe           |    70 |    60 |    18 |       ||   148
       Headbutt          |     7 |    11 |    43 |   105 ||   166
       Broad axe         |       |       |   256 |   502 ||   758
Invok: Heroism           |       |       |     4 |    14 ||    18
       Finesse           |       |       |       |     6 ||     6
  Use: Potion            |     1 |     1 |     1 |     5 ||     8
       Scroll            |       |       |     7 |     3 ||    10
Armor: Scale mail        |    28 |    22 |    76 |    14 ||   140
       Plate armour      |       |       |       |   186 ||   186
Dodge: Dodged            |    36 |    33 |   177 |   245 ||   491
Block: Buckler           |    17 |    10 |    73 |   150 ||   250
